 Dungeon Crawl Stone Soup version 0.24-a0-513-g284f782df5 (webtiles) character file.

Game seed: 6140847015415982539

350 KristoblXynda the Covered (level 6, -1/51 HPs)
             Began as a Minotaur Fighter on July 20, 2019.
             Killed by nerve-wracking pain
             ... invoked by Menkaure
              (10 damage)
             ... on level 4 of the Dungeon.
             The game lasted 00:03:19 (2066 turns).

KristoblXynda the Covered (Minotaur Fighter)        Turns: 2066, Time: 00:03:20

Health: -1/51      AC: 11    Str: 21    XL:     6   Next: 34%
Magic:  5/5        EV:  6    Int:  6    God:
Gold:   166        SH: 10    Dex: 10    Spells: 5/5 levels left

rFire    . . .     SeeInvis .   a - +0 war axe
rCold    . . .     Gourm    .   c - +0 shield
rNeg     . . .     Faith    .   h - +0 chain mail
rPois    .         Spirit   .   (helmet restricted)
rElec    .         Reflect  .   (no cloak)
rCorr    .         Harm     .   u - +0 pair of gloves
MR       .....                  (no boots)
Stlth    ..........             (no amulet)
HPRegen  0.17/turn              (no ring)
MPRegen  0.09/turn              (no ring)

@: no status effects
A: retaliatory headbutt, horns 2
a: no special abilities


You were on level 4 of the Dungeon.
You were very hungry.

You visited 1 branch of the dungeon, and saw 4 of its levels.

You collected 166 gold pieces.

Inventory:

Hand Weapons
 a - a +0 war axe (weapon)
Missiles
 j - 5 javelins (quivered)
Armour
 c - a +0 shield (worn)
 h - a +0 chain mail (worn)
 u - a +0 pair of gloves (worn)
Jewellery
 q - a +3 ring of evasion
Scrolls
 b - 2 scrolls of amnesia {unknown}
 i - a scroll of magic mapping {unknown}
 m - a scroll of fear {unknown}
 p - a scroll of remove curse {unknown}
 r - 2 scrolls of identify {unknown}
Potions
 d - a potion of might
 e - a potion of heal wounds {unknown}
 g - a potion of agility {unknown}
 k - a potion of brilliance {unknown}
 l - a potion of mutation {unknown}
 n - a potion of resistance {unknown}
 o - a potion of lignification {unknown}
Comestibles
 f - 3 rations


   Skills:
 - Level 3.6 Fighting
 + Level 5.1 Axes
 + Level 2.2 Throwing
 + Level 5.3 Armour
 + Level 5.3 Shields


You had 5 spell levels left.
You didn't know any spells.
Your spell library was empty.

Dungeon Overview and Level Annotations

Branches:
Dungeon (4/15)
 Temple: D:4-7

Altars:

Annotations:
D:4 Menkaure


Innate Abilities, Weirdness & Mutations

You reflexively headbutt those who attack you in melee.
You have a pair of horns on your head.


Message History

Menkaure is moderately damaged.
You feel less invigorated.
You feel less confused. You block Menkaure's attack.
You slash Menkaure!
Menkaure is severely damaged.
Menkaure hits you!
* * * LOW HITPOINT WARNING * * *
Menkaure closely misses you.
That item cannot be evoked!
Unknown command.
Throwing (i - inventory)
j - 6 javelins (quivered)
Press: ? - help, Shift-Dir - straight line, f - Menkaure
Aim: Menkaure (severely damaged, fast)
You throw a javelin. The javelin pierces through Menkaure.
Menkaure is almost destroyed.
Menkaure breathes soot at you.
Menkaure gestures at you while chanting.
Pain shoots through your body!
You die...

.......#
......#
.....#
#....#
#....#
#)...#
#....#
#..).#
#.@M(#
##....#
#.....#
#.....#
#.....#
#.....#
##....# ###
###'##
....##....#


You could see Menkaure.

Vanquished Creatures
  An ogre (D:4)
  A big kobold (D:2)
  2 orc wizards
  7 adders
  3 worms
  A dart slug (D:1)
  3 leopard geckos
  8 orcs
  11 bats
  4 giant cockroaches
  4 goblins
  7 hobgoblins
  7 frilled lizards
  4 kobolds
  7 rats
70 creatures vanquished.

Notes
Turn   | Place    | Note
-------+----------+-------------------------------------------
     0 | D:1      | KristoblXynda the Minotaur Fighter began the quest for the
                  | Orb.
     0 | D:1      | Reached XP level 1. HP: 19/19 MP: 0/0
   153 | D:1      | Reached XP level 2. HP: 26/26 MP: 1/1
   741 | D:2      | Reached XP level 3. HP: 30/31 MP: 2/2
   957 | D:2      | Reached XP level 4. HP: 33/39 MP: 3/3
  1039 | D:2      | Noticed a big kobold
  1053 | D:2      | Killed a big kobold
  1053 | D:2      | Reached skill level 1 in Throwing
  1053 | D:2      | Reached XP level 5. HP: 42/45 MP: 4/4
  1674 | D:3      | Reached skill level 5 in Armour
  1775 | D:3      | Reached skill level 5 in Shields
  2025 | D:4      | Noticed an ogre
  2034 | D:4      | Killed an ogre
  2034 | D:4      | Reached skill level 5 in Axes
  2034 | D:4      | Reached XP level 6. HP: 25/51 MP: 5/5
  2050 | D:4      | Noticed Menkaure
  2066 | D:4      | Killed from afar by Menkaure

Levels and vault maps discovered:
D:1:      psy_arrival_spokes, layout_loops_ring, hangedman_feature_mirror
D:2:      layout_loops_ring
D:3:      layout_loops_ring
D:4:      layout_gridville, grunt_temple_overflow_diamond, uniq_menkaure

Skill      XL: |  1  2  3  4  5 |
---------------+----------------+-----
Axes           | 3 4 5 |  5.1
Shields        | 4 5 |  5.3
Armour         | 4 5 |  5.3
Throwing       | 1 2 |  2.2
Fighting       | |  3.6

Action                   |  1- 3 |  4- 6 || total
-------------------------+-------+-------++-------
Melee: War axe           |    77 |   132 ||   209
       Headbutt          |     9 |    13 ||    22
Throw: Javelin           |       |     1 ||     1
  Use: Potion            |       |     1 ||     1
  Eat: Chunk             |       |     3 ||     3
Armor: Chain mail        |    54 |    59 ||   113
Dodge: Dodged            |    22 |    29 ||    51
Block: Shield            |    50 |    63 ||   113

Table legend:
 A = Non-vault XP
 B = Vault XP
 C = Vault XP percentage of total XP
 D = Non-vault monster count
 E = Vault monster count
 F = Vault count percentage of total count
                 A         B        C        D         E       F
            +---------+---------+-------+---------+---------+-------
      Total |     498 |       3 |   0.6 |      68 |       2 |   2.9
            +---------+---------+-------+---------+---------+-------
        D:1 |      35 |       3 |   7.9 |      22 |       2 |   8.3
        D:2 |     172 |       0 |   0.0 |      16 |       0 |   0.0
        D:3 |     126 |       0 |   0.0 |      25 |       0 |   0.0
        D:4 |     165 |       0 |   0.0 |       5 |       0 |   0.0
            +---------+---------+-------+---------+---------+-------
